 Dungeon Crawl Stone Soup version 0.28-a0-1447-ga5a8893891 (webtiles) character file.

Game seed: 8721904582719751145

1122 pokeman the Thaumaturge (level 8, -8/44 HPs)
             Began as a Deep Elf Hedge Wizard on Jan 11, 2022.
             Killed from afar by an acid dragon (10 damage)
             ... with a splash of acid
             ... on level 6 of the Dungeon.
             The game lasted 00:11:52 (5384 turns).

pokeman the Thaumaturge (Deep Elf Hedge Wizard)     Turns: 5384, Time: 00:11:52

Health: -8/44      AC:  5    Str:  7    XL:     8   Next: 12%
Magic:  21/32      EV: 12    Int: 22    God:
Gold:   229        SH:  5    Dex: 14    Spells: 14/25 levels left

rFire   . . .      SeeInvis .   l - +1 dagger (drain)
rCold   . . .      Faith    .   (no shield)
rNeg    . . .      Spirit   .   h - +0 leather armour
rPois   .          Reflect  +   c - +0 hat
rElec   .          Harm     .   (no cloak)
rCorr   .          Rampage  .   (no gloves)
Will    .....                   w - +1 pair of boots
Stlth   ++........              m - amulet of reflection
HPRegen 0.14/turn               b - +4 ring of slaying
MPRegen 0.23/turn               u - ring of magical power

@: on blink cooldown, studying Summonings
A: no striking features
a: no special abilities


You were on level 6 of the Dungeon.
You visited 1 branch of the dungeon, and saw 6 of its levels.

You collected 229 gold pieces.

Inventory:

Hand Weapons
 l - a +1 dagger of draining (weapon)
Missiles
 n - 10 arrows
 o - 50 bolts
Armour
 c - a +0 hat (worn)
 h - a +0 leather armour (worn)
 j - a +0 kite shield
 w - a +1 pair of boots (worn)
Jewellery
 b - a +4 ring of slaying (left hand)
 d - an amulet of magic regeneration
 m - an amulet of reflection (around neck)
 q - the brooch of Shielding {Spirit SH+8}
   (You found it on level 4 of the Dungeon)

   [amulet of guardian spirit]

   It causes incoming damage to be divided between your reserves of health and
   magic.
   SH:        It affects your SH (+8).
 u - a ring of magical power (right hand)
Scrolls
 e - 3 scrolls of identify {unknown}
 g - 3 scrolls of amnesia {unknown}
 i - a scroll of silence {unknown}
 p - 3 scrolls of enchant weapon {unknown}
 r - a scroll of teleportation {unknown}
 t - a scroll of magic mapping {unknown}
 y - a scroll of fog {unknown}
Potions
 a - a potion of haste {unknown}
 f - 2 potions of curing
 k - a potion of mutation {unknown}
 s - a potion of lignification {unknown}
 v - a potion of degeneration {unknown}
 x - a potion of heal wounds {unknown}
 z - a potion of might {unknown}


   Skills:
 - Level 2.0 Fighting
 + Level 1.1 Armour
 - Level 3.3 Dodging
 - Level 3.2 Stealth
 - Level 1.5 Shields
 * Level 9.1 Spellcasting
 + Level 4.7 Conjurations
 - Level 1.1 Summonings
 - Level 1.1 Translocations
 + Level 3.1 Fire Magic
 - Level 1.0 Air Magic
 - Level 1.0 Poison Magic


You had 14 spell levels left.
You knew the following spells:

 Your Spells              Type           Power      Damage    Failure   Level
a - Magic Dart            Conj           100%       1d8       1%          1
b - Mephitic Cloud        Conj/Pois/Air  19%        N/A       12%         3
c - Call Imp              Summ           14%        N/A       10%         2
d - Blink                 Tloc           28%        N/A       10%         2
e - Conjure Flame         Conj/Fire      27%        6-21      6%          3

Your spell library contained the following spells:

 Spells                   Type           Power      Damage    Failure   Level
 Slow                     Hex            40%        N/A       10%         1
 Lesser Beckoning         Tloc           14%        N/A       19%         3
 Confusing Touch          Hex            10%        N/A       28%         3
 Manifold Assault         Tloc           14%        N/A       86%         5
 Yara's Violent Unravell  Hex/Tmut       5%         3d4       95%         5
 Enfeeble                 Hex            5%         N/A       100%        7


Dungeon Overview and Level Annotations

Branches:
Dungeon (6/15)
 Temple: D:4-7

Altars:


Message History

You see here a manual of Summonings.
You pick up a manual of Summonings and begin studying.
The bullfrog barely misses you. The bullfrog skeleton hits you.
The bullfrog hits you. The bullfrog skeleton hits you.
Casting: Blink (safe; 10% risk of failure)
Confirm with . or Enter, or press ? or * to list all spells.
A metallic apparition takes form in the air.
The bullfrog hits you. The bullfrog skeleton misses you.
The bullfrog misses you.
Unknown command.
You swap places.
The centaur zombie hits your iron imp but does no damage.
The centaur zombie kicks your iron imp but does no damage.
The bullfrog skeleton barely misses your iron imp.
The bullfrog barely misses your iron imp.
The centaur zombie hits your iron imp but does no damage.
The centaur zombie kicks your iron imp but does no damage.
The bullfrog skeleton hits your iron imp.
Unknown command.
The bullfrog hits your iron imp!
Your iron imp closely misses the bullfrog.
The centaur zombie hits your iron imp.
Your iron imp dies!
Your iron imp disappears in a puff of smoke!
The orc barely misses you. The bullfrog hits you.
* * * LOW HITPOINT WARNING * * *
The orc hits you with a +0 war axe.
* * * LOW HITPOINT WARNING * * *
The bullfrog closely misses you.
Casting: Call Imp (safe; 10% risk of failure)
Confirm with . or Enter, or press ? or * to list all spells.
You blink.
The acid dragon barely misses you. The acid dragon misses you.
The bullfrog zombie hits you.
* * * LOW HITPOINT WARNING * * *
The centaur zombie barely misses you. You block the centaur zombie's attack.
Unknown command.
The acid dragon spits acid at you. The splash of acid hits you!
You die...

#.#..........##.## .##.
............##...##.....
............#..##.#.....
.......$............./#
.....##.#)..#Z##..#..##
#.......###.##...##....
.#.......##...##.##.....
###....#................
..#....#....##ZD@..##...
............##..##......
......##....##Z.# #.....
./.... #.....ZZ.# ###..
....# #...Fo..## . ..#
##...#..### ..#.
##.##.....
....#####ยง.........#
#......#.........###


You could see an acid dragon (catching breath), a bullfrog, an orc, a bullfrog
zombie, a killer bee zombie, a centaur zombie and a bullfrog skeleton.

Vanquished Creatures
  The ghost of Pin the Sneak, an amateur OpTm of Wu Jian (D:3)
  A sky beast (D:3)
  An ice beast (D:5)
  A black bear (D:5)
  A centaur (D:6)
  A scorpion (D:4)
  3 jellies
  3 hounds
  An orc priest (D:3)
  2 bullfrog skeletons (D:4)
  2 iguanas
  An orc wizard (D:4)
  A gnoll (D:5)
  7 adders
  A white imp (D:6)
  An adder skeleton (D:5)
  4 worms
  11 orcs
  6 ball pythons
  7 endoplasms (D:3)
  4 giant cockroaches
  9 goblins
  6 hobgoblins
  5 quokkas
  5 frilled lizards
  15 kobolds
  4 rats
104 creatures vanquished.

Vanquished Creatures (collateral kills)
  2 adders (D:3)
2 creatures vanquished.

Vanquished Creatures (others)
  3 fungi (D:3)
  11 toadstools (D:3)
14 creatures vanquished.

Grand Total: 120 creatures vanquished

Notes
Turn   | Place    | Note
-------+----------+-------------------------------------------
     0 | D:1      | pokeman the Deep Elf Hedge Wizard began the quest for the
                  | Orb.
     0 | D:1      | Reached XP level 1. HP: 10/10 MP: 7/7
   260 | D:1      | Reached XP level 2. HP: 15/15 MP: 7/9
   761 | D:2      | Reached skill level 5 in Spellcasting
   761 | D:2      | Reached XP level 3. HP: 20/20 MP: 8/11
   770 | D:2      | Learned a level 3 spell: Mephitic Cloud
   773 | D:2      | Learned a level 2 spell: Call Imp
   776 | D:2      | Learned a level 2 spell: Blink
   780 | D:2      | Learned a level 3 spell: Conjure Flame
   897 | D:2      | Reached skill level 1 in Armour
  1066 | D:2      | Reached skill level 1 in Fighting
  1370 | D:3      | Reached XP level 4. HP: 19/21 MP: 8/13
  1450 | D:3      | Reached skill level 6 in Spellcasting
  1450 | D:3      | Reached XP level 5. HP: 20/29 MP: 13/15
  1452 | D:3      | Reached skill level 1 in Shields
  1659 | D:3      | Noticed a sky beast
  1706 | D:3      | Killed a sky beast
  1987 | D:3      | Found a faded altar of an unknown god.
  2079 | D:3      | Reached XP level 6. HP: 34/34 MP: 8/17
  2213 | D:3      | Found a runed translucent door.
  2214 | D:3      | Noticed Pin's ghost (amateur OpTm)
  2252 | D:3      | Killed Pin's ghost
  2253 | D:3      | Reached skill level 7 in Spellcasting
  2253 | D:3      | Reached skill level 1 in Fire Magic
  2718 | D:4      | Reached XP level 7. HP: 38/38 MP: 14/20
  2907 | D:4      | Found the brooch of Shielding {Spirit SH+8}
  3272 | D:4      | Reached skill level 1 in Air Magic
  3272 | D:4      | Reached skill level 1 in Poison Magic
  3348 | D:4      | Reached skill level 8 in Spellcasting
  3958 | D:5      | Entered Level 5 of the Dungeon
  4926 | D:5      | Reached XP level 8. HP: 44/44 MP: 14/22
  5126 | D:5      | Reached skill level 9 in Spellcasting
  5383 | D:6      | HP: 2/44 [bullfrog zombie (4)]
  5384 | D:6      | Killed from afar by an acid dragon

Illustrated notes

Levels and vault maps discovered:
D:1:      amcnicky_arrival_double_pillar, layout_rooms
D:2:      layout_rooms, serial_corexii_hall, corexii_hall_statues_t,
          corexii_hall_statues_i, corexii_hall_statues_l, kennysheep_minor_cross
D:3:      cheibrodos_fertilizer, layout_basic, ebering_ghost_sewer_d,
          ebering_ecumenical_altar_sacrificial
D:4:      layout_gridville, skrybe_limestone_x
D:5:      layout_loops_corners
D:6:      layout_cave_pools, serial_undead, serial_undead_c, serial_undead_c,
          serial_undead_a, serial_undead_c, minmay_manual_mares, uniq_pikel

Skill      XL: |  1  2  3  4  5  6  7  8 |
---------------+-------------------------+-----
Spellcasting   | 5 6 7 8 9 |  9.1
Conjurations   | 2 3 4 |  4.7
Armour         | 1 |  1.1
Fighting       | 1 2 |  2.0
Shields        | 1 |  1.5
Dodging        | 3 |  3.3
Stealth        | 3 |  3.2
Fire Magic     | 1 2 3 |  3.1
Air Magic      | 1 |  1.0
Poison Magic   | 1 |  1.0
Summonings     | |  1.1
Translocations | |  1.1

Action                   |  1- 3 |  4- 6 |  7- 9 || total
-------------------------+-------+-------+-------++-------
Melee: Dagger            |     4 |    24 |    27 ||    55
 Cast: Magic Dart        |   109 |    52 |    87 ||   248
       Mephitic Cloud    |     1 |     4 |    11 ||    16
       Conjure Flame     |       |     7 |     7 ||    14
       Call Imp          |       |     2 |     3 ||     5
       Blink             |       |       |     4 ||     4
 Stab: Confused          |       |     1 |     4 ||     5
Armor: Robe              |     1 |       |       ||     1
       Leather armour    |     5 |     9 |     6 ||    20
Dodge: Dodged            |    11 |    15 |    45 ||    71
Block: Other             |       |     2 |    14 ||    16

Table legend: (Time is in decaauts)
 A = Elapsed time spent in this place.
 B = Non-inter-level travel time spent in this place.
 C = Inter-level travel time spent in this place.
 D = Time resting spent in this place.
 E = Time spent auto-exploring this place.
 F = Levels seen in this place.
 G = Mean time per level.
                   A        B        C        D        E       F      G
               +--------+--------+--------+--------+--------+-----+--------+
         Total |   5388 |   5183 |    205 |    369 |   4002 |   6 |  898.0 |
       Dungeon |   5388 |   5183 |    205 |    369 |   4002 |   6 |  898.0 |
               +--------+--------+--------+--------+--------+-----+--------+

Top non-repeatable levels by time:
     D:3: 1365 daAuts
     D:4: 1330 daAuts
     D:5: 1319 daAuts
     D:2: 815 daAuts
     D:1: 488 daAuts
     D:6: 69 daAuts
